 Dungeon Crawl Stone Soup version 0.20.1-1-g8b1a95d (webtiles) character file.

181 Kjetter the Caller (level 5, -3/28 HPs)
             Began as a Deep Elf Summoner on Aug 14, 2017.
             Killed by divine providence
             ... invoked by an orc priest
              (16 damage)
             ... on level 3 of the Dungeon.
             The game lasted 00:22:52 (3309 turns).

Kjetter the Caller (Deep Elf Summoner)              Turns: 3309, Time: 00:22:53

Health: -3/28      AC:  3    Str:  5    XL:     5   Next: 34%
Magic:  7/14       EV: 13    Int: 21    God:
Gold:   71         SH:  0    Dex: 15    Spells: 9/13 levels left

rFire    . . .     SeeInvis .   m - +2 dagger (protect)
rCold    . . .     Gourm    .   (no shield)
rNeg     . . .     Faith    .   a - +0 robe
rPois    .         Spirit   .   (no helmet)
rElec    .         Reflect  .   e - +0 cloak
rCorr    .         Harm     .   (no gloves)
MR       .....                  (no boots)
Stlth    +++.......             (no amulet)
Regen    0.1/turn               (no ring)
MPRegen  0.2/turn               (no ring)

@: no status effects
A: no striking features
a: no special abilities


You were on level 3 of the Dungeon.
You were hungry.

You visited 1 branch of the dungeon, and saw 3 of its levels.

You collected 71 gold pieces.

Inventory:

Hand Weapons
 m - a +2 dagger of protection (weapon)
Missiles
 d - 21 poisoned needles
 j - 101 stones (quivered)
 o - 49 arrows
 x - 5 tomahawks
Armour
 a - a +0 robe (worn)
 e - a +0 cloak (worn)
Jewellery
 p - an uncursed ring of ice {unknown}
 v - an uncursed ring of wizardry {unknown}
Scrolls
 g - 2 scrolls of identify {unknown}
 h - a scroll of random uselessness {unknown}
 q - 2 scrolls of remove curse {unknown}
 r - a scroll of immolation {unknown}
 w - a scroll of blinking {unknown}
 y - a scroll of enchant armour {unknown}
Potions
 k - a potion of agility {unknown}
 l - 2 potions of curing {unknown}
 n - 2 potions of berserk rage {unknown}
 s - 2 potions of flight {unknown}
 t - a potion of might {unknown}
 u - a potion of mutation {unknown}
Books
 b - a book of Callings

   Spells                             Type                      Level
   a - Summon Small Mammal            Summoning                    1
   b - Call Imp                       Summoning                    2
   c - Call Canine Familiar           Summoning                    3
   d - Summon Guardian Golem          Hexes/Summoning              3
   e - Summon Lightning Spire         Summoning/Air                4
   f - Summon Ice Beast               Ice/Summoning                4
Comestibles
 c - 3 bread rations
 f - a meat ration
 i - 3 fruits


   Skills:
 + Level 2.7 Dodging
 * Level 4.1 Stealth
 + Level 4.7 Spellcasting
 + Level 5.8 Summonings


You had 9 spell levels left.
You knew the following spells:

 Your Spells              Type           Power        Failure   Level  Hunger
a - Summon Small Mammal   Summ           ####         1%          1    None
b - Call Canine Familiar  Summ           ####....     3%          3    ##.....


Dungeon Overview and Level Annotations

Branches:
Dungeon (3/15)

Altars:
Trog


Message History

Anything else - Cancel.
Gang up on whom?
Press: ? - help, Dir - move target cursor, f/p - orc wizard
Aim: an orc wizard, wielding a dagger and wearing a robe (moderately wounded) Attack!
Your bat closely misses the orc wizard.
The orc wizard closely misses your rat.
Your rat bites the orc wizard.
Your bat hits the orc wizard but does no damage.
The orc wizard hits your rat but does no damage.
Your rat barely misses the orc wizard.
Your bat hits the orc wizard but does no damage.
Your hound bites the orc wizard but does no damage.
The orc wizard points at you and mumbles some strange words.
The magic dart hits your rat.
Your rat dies!
Your rat's corpse disappears in a puff of smoke!
Your bat misses the orc wizard.
The orc priest calls down the wrath of Beogh upon you.
Beogh smites you!
Ouch! That really hurt!
You die...

##### ##...#####
#####........#
##.)))%......oo
#########(.#########..#
..........##8$._$$8##.#
#########.#..?%$%/..#.#
#.>.......#.........#..
#.....@.#o#..$......#o#
#.......#o#©........#.#
#......§#.#.........#o#
#......ho.#.........#.#
#.....b.o.#.........#.#
##......).##8.....8##.#
#.........#########..#
#.....#...[...©.....##
#.........[...[.......


You could see an orc priest, an orc wizard, a friendly hound and a friendly bat.

Vanquished Creatures
  An orc wizard (D:3)
  An adder (D:3)
  A goblin (D:2)
3 creatures vanquished.

Vanquished Creatures (collateral kills)
  A hungry ghost (D:3)
  A hound (D:3)
  A worker ant (D:3)
  An adder (D:3)
  3 worms
  2 dart slugs
  A leopard gecko (D:2)
  13 orcs (D:3)
  A ball python (D:3)
  A giant cockroach (D:1)
  13 goblins
  9 hobgoblins
  3 jackals (D:1)
  A quokka (D:3)
  8 bats
  6 frilled lizards
  A jackal skeleton (D:3)
  6 kobolds
  7 rats
79 creatures vanquished.

Grand Total: 82 creatures vanquished

Notes
Turn   | Place    | Note
-------+----------+-------------------------------------------
     0 | D:1      | Kjetter the Deep Elf Summoner began the quest for the Orb.
     0 | D:1      | Reached XP level 1. HP: 10/10 MP: 6/6
   431 | D:1      | Reached XP level 2. HP: 15/15 MP: 5/8
  1462 | D:2      | Reached XP level 3. HP: 19/19 MP: 7/10
  1965 | D:2      | Reached skill level 5 in Summonings
  2054 | D:3      | Found a transporter.
  2083 | D:3      | Found a transporter.
  2203 | D:3      | Noticed a hungry ghost
  2304 | D:3      | Reached XP level 4. HP: 14/24 MP: 1/11
  2470 | D:3      | Learned a level 3 spell: Call Canine Familiar
  2470 | D:3      | Found a bloodstained altar of Trog.
  2747 | D:3      | Killed a hungry ghost
  2747 | D:3      | Reached XP level 5. HP: 28/28 MP: 5/13
  3309 | D:3      | Killed from afar by an orc priest

Skill      XL: |  1  2  3  4 |
---------------+-------------+-----
Stealth        | 3 4 |  4.1
Summonings     | 5 |  5.8
Spellcasting   | 4 |  4.7
Dodging        | |  2.7

Action                   |  1- 3 |  4- 6 || total
-------------------------+-------+-------++-------
Melee: Short sword       |     2 |       ||     2
       Dagger            |    19 |     2 ||    21
 Cast: Summon Small Mamm |   108 |    24 ||   132
       Call Canine Famil |       |    10 ||    10
 Stab: Distracted        |     2 |       ||     2
  Eat: Chunk             |     4 |     3 ||     7
Armor: Robe              |     8 |     5 ||    13
Dodge: Dodged            |    34 |    23 ||    57
